 Dungeon Sprint DCSS version 0.31-a0-460-g9e667d4245 (webtiles) character file.

Game seed: 1930792602998414920

1192 rocky1 the Grappler (level 8, -1/52 HPs)
             Began as an Octopode Shapeshifter on Aug 5, 2023.
             Was an Initiate of Gozag.
             Slain by a centaur warrior (14 damage)
             ... in the Dungeon (Sprint IX: "|||||||||||||||||||||||||||||").
             The game lasted 00:01:53 (833 turns).

rocky1 the Grappler (Octopode Shapeshifter)          Turns: 833, Time: 00:01:53

Health: -1/52      AC:  3    Str: 18    XL:     8   Next: 43%
Magic:  8/8        EV: 14    Int: 12    God:    Gozag
Gold:   540        SH:  0    Dex: 12    Spells: 7/7 levels left

rFire   . .          .
                       - Unarmed
rCold   . . .        (no shield)
rNeg    . . .        (helmet currently unavailable)
rPois   .            (no amulet)
rElec   .            k - +2 ring of protection
rCorr   .            l - +3 ring of strength
SInv    .            (no ring)
Will    .....        (no ring)
Stlth   ++++         (no ring)
HPRegen 0.28/turn    (no ring)
MPRegen 0.11/turn    (no ring)
                     (no ring)

%: no teleportation
@: beast-form, gold aura, hasted, very quick
A: beast (slay +7), almost no armour, amphibious, 8 rings, camouflage 1,
gelatinous body 1, (nimble swimmer 1), tentacles
a: Begin Untransformation, Renounce Religion, Potion Petition, Call Merchant,
Bribe Branch


You were in the Dungeon.
You worshipped Gozag.
Gozag was pleased with you.
You were a hulking beast.
You visited 1 branch You collected 540 gold pieces.

Inventory:

Jewellery
 k - a +2 ring of protection (left tentacle)
 l - a +3 ring of strength (right tentacle)
Talismans
 b - a beast talisman (active)
Wands
 j - a wand of iceblast (10)
Scrolls
 h - 2 scrolls of blinking
 i - 2 scrolls of amnesia
Potions
 a - a potion of lignification
 c - 5 potions of curing
 d - a potion of heal wounds
 f - 4 potions of magic


   Skills:
 + Level 3.0 Fighting
 + Level 4.1 Dodging
 + Level 5.1 Stealth
 * Level 13.2 Unarmed Combat
 - Level 10.0 Shapeshifting


You had 7 spell levels left.
You didn't know any spells.
Your spell library was empty.

Dungeon Overview and Level Annotations

Branches:
Dungeon (1/1)

Altars:
Cheibriados
Dithmenos
Elyvilon
Fedhas
Gozag
Hepliaklqana
Kikubaaqudgha
Makhleb
Nemelex Xobeh
Okawaru
Qazlal
Ru
Sif Muna
Trog
Uskayaw
Vehumet
Wu Jian
Xom
Yredelemnul
Zin
The Shining One
Jiyva
Lugonu


Innate Abilities, Weirdness & Mutations

You are a hulking beast.
Your limbs bulge with bestial killing power. (Slay +7)
You cannot wear most types of armour.
You are amphibious.
You can wear up to eight rings at the same time.
Your skin changes colour to match your surroundings (Stealth+).
Your rubbery body absorbs attacks. (AC +1, EV +1)
((You are camouflaged when in or above water. (Stealth+)))
You have tentacles for arms and can constrict up to eight enemies at once.


Message History

You bludgeon the vampire!
You destroy the vampire!
Your Fighting skill increases to level 3!
Your Stealth skill increases to level 5!
Your Unarmed Combat skill increases to level 13!
The centaur warrior hits you!
* * * LOW HITPOINT WARNING * * *
The centaur warrior misses you. The centaur warrior closely misses you.
The centaur warrior kicks you.
* * * LOW HITPOINT WARNING * * *
You see here 72 gold pieces.
Unknown command.
You feel much better.
You bludgeon the centaur warrior! You squeeze the centaur warrior!
The centaur warrior is moderately wounded.
The centaur warrior is distracted by your dazzling golden aura.
You completely miss the centaur warrior.
The centaur warrior is no longer distracted by gold.
The centaur warrior shouts!
The centaur warrior is moderately wounded.
The centaur warrior hits you! The centaur warrior closely misses you.
You batter the centaur warrior!! You squeeze the centaur warrior.
The centaur warrior is severely wounded.
The centaur warrior hits you!
* * * LOW HITPOINT WARNING * * *
The centaur warrior kicks you.
* * * LOW HITPOINT WARNING * * *
You feel much better. The centaur warrior closely misses you.
The centaur warrior kicks you but does no damage.
You barely miss the centaur warrior. You squeeze the centaur warrior!
The centaur warrior is almost dead.
You completely miss the centaur warrior.
The centaur warrior is almost dead.
The centaur warrior hits you! The centaur warrior kicks you.
* * * LOW HITPOINT WARNING * * *
You barely miss the centaur warrior.
The centaur warrior is almost dead.
The centaur warrior hits you!
You die...
Your body crumbles into a pile of gold.

▓'▓
$ $
▓.▓
▓)▓
$ $
▓.▓
$
▓.▓
$ $
▓.▓
$
▓.▓
$
▓'▓
▓h▓
▓c▓
▓O▓
▓O▓
▓C▓
▓R▓
▓+▓


You could see a centaur warrior, 2 two-headed ogres, a cyclops and an efreet.

Vanquished Creatures
  A troll (D)
  A hornet (D)
  A shadow (D)
  A wyvern (D)
  A vampire (D)
  A yak (D)
  A gnoll sergeant (D)
  A scorpion (D)
  A hound (D)
  An orc wizard (D)
  An adder (D)
  An orc (D)
  A bat (D)
  A giant cockroach (D)
  A goblin (D)
  A kobold (D)
  A quokka (D)
17 creatures vanquished.

Notes
Turn   | Place    | Note
-------+----------+-------------------------------------------
     0 | D        | rocky1 the Octopode Shapeshifter began the quest for the
                  | Orb.
     0 | D        | Reached XP level 1. HP: 13/13 MP: 1/1
    15 | D        | Reached XP level 2. HP: 11/18 MP: 2/2
   147 | D        | Noticed a gnoll sergeant
   147 | D        | Noticed a scorpion
   152 | D        | Killed a gnoll sergeant
   153 | D        | Reached skill level 5 in Unarmed Combat
   153 | D        | Reached skill level 5 in Shapeshifting
   153 | D        | Reached XP level 3. HP: 23/23 MP: 3/3
   153 | D        | Reached XP level 4. HP: 28/28 MP: 4/4
   160 | D        | Killed a scorpion
   161 | D        | Reached skill level 6 in Unarmed Combat
   161 | D        | Reached XP level 5. HP: 34/34 MP: 5/5
   163 | D        | Reached skill level 7 in Unarmed Combat
   298 | D        | Found a snail-covered altar of Cheibriados.
   298 | D        | Found a shadowy altar of Dithmenos.
   298 | D        | Found a white marble altar of Elyvilon.
   298 | D        | Found a blossoming altar of Fedhas.
   298 | D        | Found an opulent altar of Gozag.
   299 | D        | Found a hazy altar of Hepliaklqana.
   300 | D        | Found a viscous altar of Jiyva.
   301 | D        | Found an ancient bone altar of Kikubaaqudgha.
   302 | D        | Found a corrupted altar of Lugonu.
   303 | D        | Found a burning altar of Makhleb.
   304 | D        | Found a sparkling altar of Nemelex Xobeh.
   305 | D        | Found an iron altar of Okawaru.
   306 | D        | Found a stormy altar of Qazlal.
   308 | D        | Became a worshipper of Gozag Ym Sagoz the Greedy
   310 | D        | Found a sacrificial altar of Ru.
   311 | D        | Found a shimmering blue altar of Sif Muna.
   312 | D        | Found a bloodstained altar of Trog.
   313 | D        | Found a hide-covered altar of Uskayaw.
   314 | D        | Found a radiant altar of Vehumet.
   315 | D        | Found an ornate altar of the Wu Jian Council.
   316 | D        | Found a shimmering altar of Xom.
   317 | D        | Found a basalt altar of Yredelemnul.
   318 | D        | Found a glowing silver altar of Zin.
   319 | D        | Found a glowing golden altar of the Shining One.
   445 | D        | Noticed a yak
   445 | D        | Noticed a wyvern
   445 | D        | Noticed a hornet
   445 | D        | Noticed a troll
   445 | D        | Noticed a shadow
   450 | D        | Killed a yak
   451 | D        | Reached skill level 1 in Stealth
   451 | D        | Reached skill level 8 in Unarmed Combat
   451 | D        | Reached XP level 6. HP: 30/39 MP: 6/6
   453 | D        | Killed a wyvern
   454 | D        | Reached skill level 9 in Unarmed Combat
   454 | D        | Reached XP level 7. HP: 30/45 MP: 7/7
   457 | D        | Killed a troll
   458 | D        | Reached skill level 11 in Unarmed Combat
   459 | D        | Killed a hornet
   460 | D        | Reached skill level 12 in Unarmed Combat
   460 | D        | Reached skill level 10 in Shapeshifting
   460 | D        | Reached XP level 8. HP: 12/51 MP: 8/8
   461 | D        | Killed a shadow
   819 | D        | Noticed a vampire
   819 | D        | Noticed a centaur warrior
   819 | D        | Noticed a two-headed ogre
   819 | D        | Noticed a two-headed ogre
   819 | D        | Noticed a cyclops
   819 | D        | Noticed an efreet
   824 | D        | Killed a vampire
   825 | D        | Reached skill level 5 in Stealth
   825 | D        | Reached skill level 13 in Unarmed Combat
   833 | D        | Slain by a centaur warrior

Illustrated notes

Levels and vault maps discovered:
D:        linesprint [early_d, line_temple, items_1, d_10, items_2, lair_1,
          lair_end, items_3, orc_1, orc_end, items_4, d_15, swamp_1, shoals_1,
          snake_1, spider_1, d_20, vaults_1, items_5, swamp_end, shoals_end,
          snake_end, spider_end, vaults_end, d_27, items_6, zot_1, zot_end,
          crypt_end, forest_end, elf_end, slime_end, tomb_end, abyss_end,
          pan_hell_end]

Skill      XL: |  1  2  3  4  5  6  7  8 |
---------------+-------------------------+-----
Shapeshifting  | 4 5 7 8 9 10 | 10.0
Unarmed Combat | 5 6 8 9 12 13 | 13.2
Dodging        | 3 4 |  4.1
Fighting       | 2 3 |  3.0
Stealth        | 1 2 4 5 |  5.1

Action                     |  1- 3 |  4- 6 |  7- 9 || total
---------------------------+-------+-------+-------++-------
  Melee: Unarmed           |    13 |    16 |    19 ||    48
         Constrict         |     4 |     3 |     3 ||    10
         Tentacles         |     2 |     3 |     6 ||    11
         Punch             |       |       |     2 ||     2
    Use: Potion            |     1 |     1 |     3 ||     5
   Stab: Invisible         |       |     2 |     1 ||     3
 Armour: Skin              |       |       |     1 ||     1
  Dodge: Dodged            |     8 |     5 |     8 ||    21

Table legend: (Time is in decaauts)
 A = Elapsed time spent in this place.
 B = Non-inter-level travel time spent in this place.
 C = Inter-level travel time spent in this place.
 D = Time resting spent in this place.
 E = Time spent auto-exploring this place.
 F = Levels seen in this place.
 G = Mean time per level.
                   A        B        C        D        E       F      G
               +--------+--------+--------+--------+--------+-----+--------+
         Total |    827 |    827 |      0 |    705 |      0 |   1 |  827.0 |
       Dungeon |    827 |    827 |      0 |    705 |      0 |   1 |  827.0 |
               +--------+--------+--------+--------+--------+-----+--------+

Top non-repeatable levels by time:
       D: 827 daAuts
